 Dungeon Crawl Stone Soup version 0.28-a0-1182-g381e24db82 (webtiles) character file.

Game seed: 4951413324841784633

8 heartyfrogbroth the Chopper (level 2, -1/27 HPs)
             Began as a Deep Dwarf Berserker on Dec 16, 2021.
             Was a Follower of Trog.
             Slain by an adder (3 damage)
             ... on level 2 of the Dungeon.
             The game lasted 00:01:04 (162 turns).

heartyfrogbroth the Chopper (Deep Dwarf Berserker)   Turns: 162, Time: 00:01:05

Health: -1/27      AC:  2    Str: 20    XL:     2   Next: 0%
Magic:  2/2        EV: 12    Int:  7    God:    Trog [*.....]
Gold:   21         SH:  0    Dex: 12    Spells: 1/1 levels left

rFire   . . .      SeeInvis .   a - +0 hand axe
rCold   . . .      Faith    .   (no shield)
rNeg    . . .      Spirit   .   b - +0 animal skin
rPois   .          Reflect  .   (no helmet)
rElec   .          Harm     .   (no cloak)
rCorr   .          Rampage  .   (no gloves)
Will    .....                   (no boots)
Stlth   +.........              (no amulet)
HPRegen 0.00/turn               (no ring)
MPRegen 0.08/turn               (no ring)

@: lethally poisoned (-1 -> -1)
A: damage resistance, heal wounds, sense surroundings 1, no regeneration
a: Heal Wounds, Renounce Religion, Berserk


You were on level 2 of the Dungeon.
You worshipped Trog.
Trog was aware of your devotion.
You visited 1 branch of the dungeon, and saw 2 of its levels.

You collected 21 gold pieces.

Inventory:

Hand Weapons
 a - a +0 hand axe (weapon)
Armour
 b - a +0 animal skin (worn)


   Skills:
 + Level 2.8 Fighting
 + Level 3.6 Axes
 + Level 2.2 Armour
 + Level 2.3 Dodging


You had one spell level left.
You didn't know any spells.
Your spell library was empty.

Dungeon Overview and Level Annotations

Branches:
Dungeon (2/15)

Altars:


Innate Abilities, Weirdness & Mutations

You are resistant to damage.
You can heal yourself by infusing magical energy.
You passively map a small area around you.
You do not regenerate.


Message History

The adder is severely wounded.
The adder barely misses you.
You closely miss the adder.
The adder is severely wounded.
The adder closely misses you. x2
You closely miss the adder.
The adder is severely wounded.
The adder barely misses you.
You completely miss the adder.
The adder is severely wounded.
The adder barely misses you.
You barely miss the adder.
The adder is severely wounded.
The adder bites you. The adder closely misses you.
You closely miss the adder.
The adder is severely wounded.
The adder closely misses you.
You closely miss the adder.
The adder is severely wounded.
You are no longer poisoned.
The adder misses you. The adder bites you but does no damage.
You miss the adder.
The adder is severely wounded.
The adder bites you.
* * * LOW HITPOINT WARNING * * *
You are poisoned.
The adder poisons you!
You closely miss the adder.
The adder is severely wounded.
The adder bites you.
* * * LOW HITPOINT WARNING * * *
The adder bites you.
* * * LOW HITPOINT WARNING * * *
You hit the adder.
The adder is severely wounded.
The adder bites you.
You completely miss the adder.
The adder is severely wounded.
The adder misses you. The adder bites you.
You die...

..≈ ... * ,
#..≈####.## ,,
≈.≈≈......# *
.≈.≈.!....# ,
≈..≈......### ,
#..≈........,,,
#≈......# ,
#....S.<#
#....@..#
........### *,
* ..####..# * ,
, , #..# * *
,...# .#..# ,
** , .....# * ,
,.$ .... , *


You could see an adder.

Vanquished Creatures
  A ball python (D:1)
  An endoplasm (D:1)
  A hobgoblin (D:1)
  A kobold (D:1)
  4 rats (D:1)
8 creatures vanquished.

Notes
Turn   | Place    | Note
-------+----------+-------------------------------------------
     0 | D:1      | heartyfrogbroth the Deep Dwarf Berserker began the quest
                  | for the Orb.
     0 | D:1      | Reached XP level 1. HP: 20/20 MP: 1/1
    97 | D:1      | Reached XP level 2. HP: 12/27 MP: 2/2
   162 | D:2      | Slain by an adder

Illustrated notes

Levels and vault maps discovered:
D:1:      dpeg_arrival_shrine, layout_basic, lemuel_flame_loot_1
D:2:      layout_loops_cross, ebering_ecumenical_altar_sacrificial,
          chequers_serial_rivers_micro_e, grunt_ministairs_12

Action                   || total
-------------------------++-------
Melee: Hand axe          ||    27
Armor: Animal skin       ||     7
Dodge: Dodged            ||    22

Table legend: (Time is in decaauts)
 A = Elapsed time spent in this place.
 B = Non-inter-level travel time spent in this place.
 C = Inter-level travel time spent in this place.
 D = Time resting spent in this place.
 E = Time spent auto-exploring this place.
 F = Levels seen in this place.
 G = Mean time per level.
                   A        B        C        D        E       F      G
               +--------+--------+--------+--------+--------+-----+--------+
         Total |    166 |    166 |      0 |      0 |      0 |   2 |   83.0 |
       Dungeon |    166 |    166 |      0 |      0 |      0 |   2 |   83.0 |
               +--------+--------+--------+--------+--------+-----+--------+

Top non-repeatable levels by time:
     D:1: 150 daAuts
     D:2: 16 daAuts
